 Dungeon Crawl Stone Soup version 0.27.0-1-g7a089689b8 (webtiles) character file.

Game seed: 11800998839562269283

34 Thatpatchoflichen the Shooter (level 3, 0/23 HPs)
             Began as a Kobold Hunter on Aug 9, 2021.
             Killed from afar by Natasha (5 damage)
             ... with a magic dart
             ... on level 2 of the Dungeon.
             The game lasted 00:06:41 (2373 turns).

Thatpatchoflichen the Shooter (Kobold Hunter)       Turns: 2373, Time: 00:06:41

Health: 0/23       AC:  4    Str:  9    XL:     3   Next: 50%
Magic:  3/3        EV: 15    Int: 12    God:
Gold:   25         SH:  0    Dex: 16    Spells: 2/2 levels left

rFire    . . .     SeeInvis .   b - +0 short sword
rCold    . . .     Faith    .   (shield restricted)
rNeg     . . .     Spirit   .   c - +0 leather armour
rPois    .         Reflect  .   (no helmet)
rElec    .         Harm     .   j - +0 cloak
rCorr    .         Rampage  .   (no gloves)
Will     .....                  (no boots)
Stlth    +++.......             (no amulet)
HPRegen  0.07/turn              f - ring of flight
MPRegen  0.08/turn              (no ring)

@: flying
A: small, no large weapons, nightstalker 3
a: no special abilities


You were on level 2 of the Dungeon.
You visited 1 branch of the dungeon, and saw 2 of its levels.

You collected 51 gold pieces.
You spent 26 gold pieces at shops.

Inventory:

Hand Weapons
 a - a +1 shortbow
 b - a +0 short sword (weapon)
Missiles
 d - 20 arrows
 e - 15 bolts
Armour
 c - a +0 leather armour (worn)
 j - a +0 cloak (worn)
Jewellery
 f - a ring of flight (left hand)
Scrolls
 i - a scroll of identify
 k - a scroll of enchant armour {unknown}
Potions
 g - a potion of curing {unknown}
 h - a potion of mutation {unknown}


   Skills:
 + Level 3.2 Fighting
 - Level 4.0 Bows
 + Level 3.5 Dodging
 - Level 1.3 Stealth


You had 2 spell levels left.
You didn't know any spells.
Your spell library contained the following spells:

 Spells                   Type           Power      Damage    Failure   Level
 Stone Arrow              Conj/Erth      0%         3d7       80%         3
 Animate Armour           Summ/Erth      0%         N/A       99%         4
 Lehudib's Crystal Spear  Conj/Erth      0%         10d2      100%        8


Dungeon Overview and Level Annotations

Branches:
Dungeon (2/15)

Altars:

Shops:
D:1 **?

Annotations:
D:2 Natasha


Innate Abilities, Weirdness & Mutations

You are small and have problems with some larger weapons.
You are completely attuned to the shadows.


Message History

You hit Natasha but do no damage.
Natasha is heavily wounded.
Natasha misses you.
You hit Natasha but do no damage.
Natasha is heavily wounded.
Natasha stares at you and mumbles some strange words.
The magic dart hits you.
You hit Natasha but do no damage.
Natasha is heavily wounded.
Natasha mumbles some strange words.
Natasha's front paws start to glow.
Natasha claws you but does no damage.
You barely miss Natasha.
Natasha is heavily wounded.
Natasha claws you but does no damage. Natasha closely misses you.
You barely miss Natasha.
Natasha is heavily wounded.
Natasha barely misses you.
You closely miss Natasha.
Natasha is heavily wounded.
Natasha closely misses you.
You barely miss Natasha.
Natasha is heavily wounded.
Natasha completely misses you.
You hit Natasha.
Natasha is heavily wounded.
Natasha claws you.
You closely miss Natasha.
Natasha is heavily wounded.
Natasha closely misses you.
You hit Natasha.
Natasha is heavily wounded.
Natasha claws you!
* * * LOW HITPOINT WARNING * * *
Natasha barely misses you. Natasha misses you.
There is a stone staircase leading up here.
Natasha stares at you and mumbles some strange words.
The magic dart hits you.
You die...

#....[..#
#.......#
#.......#
....# ..
#.......#
..?#.....
#.......#
...#.....#
#..<....#
#####.......#
#.......#
#...@h......#
#.......#
####....?...#
#########
#..#..###
#..#..#
#..#..#
#..#..# ...#


You could see Natasha.

Vanquished Creatures
  4 ball pythons (D:1)
  3 endoplasms (D:1)
  A giant cockroach (D:1)
  A goblin (D:1)
  10 jackals (D:1)
  6 bats (D:1)
  2 frilled lizards
  3 kobolds (D:1)
30 creatures vanquished.

Vanquished Creatures (others)
  A plant (D:2)
1 creature vanquished.

Grand Total: 31 creatures vanquished

Notes
Turn   | Place    | Note
-------+----------+-------------------------------------------
     0 | D:1      | Thatpatchoflichen the Kobold Hunter began the quest for the
                  | Orb.
     0 | D:1      | Reached XP level 1. HP: 12/12 MP: 1/1
   519 | D:1      | Reached XP level 2. HP: 12/18 MP: 2/2
   761 | D:1      | Found Iptusolu's Magic Scroll Boutique.
   790 | D:1      | Bought a scroll of identify for 26 gold pieces
  1123 | D:1      | Found Utyar's General Store.
  1436 | D:1      | Reached XP level 3. HP: 22/22 MP: 3/3
  1505 | D:1      | Found Giguj's General Store.
  1841 | D:1      | Found Xequc's Magic Scroll Shop.
  2351 | D:2      | Noticed Natasha
  2373 | D:2      | Killed from afar by Natasha

Illustrated notes

Levels and vault maps discovered:
D:1:      lemuel_arrival_river_ford, layout_basic, serial_shops, shop,
          nicolae_shop_window_shopping, nicolae_shop_waterfront, shop
D:2:      layout_basic, basic_altar, shapermc_ecumenical_altar_mp_ritualfount,
          uniq_natasha

Skill      XL: |  1  2  3 |
---------------+----------+-----
Dodging        | 3 |  3.5
Fighting       | 3 |  3.2
Bows           | |  4.0
Stealth        | |  1.3

Action                   || total
-------------------------++-------
Melee: Short sword       ||   140
 Stab: Sleeping          ||     9
Armor: Leather armour    ||    43
Dodge: Dodged            ||   158
